SR
HICKSVILLE HOUNDS @ REDWOOD RHINOS
06/25/2038
 
TOP OF THE 1ST
Hicksville Hounds batting - Pitching for Redwood Rhinos : RHP Jorge Souza
Pitching: RHP Jorge Souza
Batting: RHB Shi-yu Ting 0-0: Called Strike
0-1: Foul Ball, location: 2F
0-2: Ball
1-2: Strikes out looking
Batting: LHB Robbie Care 0-0: Foul Ball, location: 2F
0-1: Ball
1-1: Ground out U3 (Groundball, 3, EV 86.9 MPH)
Batting: RHB Aloysius Szymanski 0-0: Called Strike
0-1: Ground out 6-3 (Groundball, 6, EV 103.8 MPH)
Top of the 1st over - 0 runs, 0 hits, 0 errors, 0 left on base; Hicksville 0 - Redwood 0
BOTTOM OF THE 1ST
Redwood Rhinos batting - Pitching for Hicksville Hounds : RHP Damarco Lyons
Pitching: RHP Damarco Lyons
Batting: RHB Lautaro Lacasa 0-0: Called Strike
0-1: Ground out 6-3 (Groundball, 6, EV 85.0 MPH)
Batting: LHB Jae-seop Byeon 0-0: Called Strike
0-1: Foul Ball, location: 2F
0-2: Ball
1-2: Foul Ball, location: 2F
1-2: Fly out, F7 (Flyball, 7, EV 91.2 MPH)
Batting: RHB John Yossarian 0-0: Ball
1-0: Ball
2-0: SINGLE (Line Drive, 34D, EV 102.5 MPH)
Batting: LHB Maxim Abeele 0-0: Called Strike
0-1: Ball
1-1: Ball
2-1: Reached on error, E4 (Groundball, 4, EV 88.8 MPH)
John Yossarian to second
Batting: RHB Joe Hensball 0-0: Swinging Strike
0-1: Ball
1-1: Foul Ball, location: 2F
1-2: Strikes out looking
Bottom of the 1st over - 0 runs, 1 hit, 1 error, 2 left on base; Hicksville 0 - Redwood 0
TOP OF THE 2ND
Hicksville Hounds batting - Pitching for Redwood Rhinos : RHP Jorge Souza
Batting: LHB Trent Armstrong 0-0: Swinging Strike
0-1: SINGLE (Groundball, 3, EV 106.9 MPH) (infield hit)
Batting: SHB Juan Alonso 0-0: Called Strike
Trent Armstrong steals 2nd base
0-1: Foul Ball, location: 2F
0-2: Strikes out swinging
Batting: RHB Hiroshige Yamada 0-0: Ball
1-0: Called Strike
1-1: Swinging Strike
1-2: Strikes out swinging
Batting: RHB Rafael Briones 0-0: Ball
1-0: Swinging Strike
1-1: Called Strike
1-2: Strikes out swinging
Top of the 2nd over - 0 runs, 1 hit, 0 errors, 1 left on base; Hicksville 0 - Redwood 0
BOTTOM OF THE 2ND
Redwood Rhinos batting - Pitching for Hicksville Hounds : RHP Damarco Lyons
Batting: SHB Nathan Brannon 0-0: Called Strike
0-1: Ball
1-1: Ground out 4-3 (Groundball, 4D, EV 83.1 MPH)
Batting: LHB Jeffery Smith 0-0: Ball
1-0: Called Strike
1-1: Ball
2-1: SINGLE (Groundball, 3D, EV 103.1 MPH)
Batting: RHB Juan Lugo 0-0: SINGLE (Line Drive, 89S, EV 106.2 MPH)
Jeffery Smith to second
Batting: LHB Boboy Enabore 0-0: Ball
1-0: Ball
2-0: SINGLE (Groundball, 6MD, EV 106.2 MPH)
Jeffery Smith to third
Juan Lugo to second
Runner from 3rd tries for Home, SAFE, throw by CF to home
Batting: RHB Lautaro Lacasa 0-0: Fly out, F9 (Flyball, 9S, EV 81.2 MPH)
Batting: LHB Jae-seop Byeon 0-0: Ball
1-0: Swinging Strike
1-1: Ground out 4-3 (Groundball, 4, EV 84.4 MPH)
Bottom of the 2nd over - 1 run, 3 hits, 0 errors, 2 left on base; Hicksville 0 - Redwood 1
TOP OF THE 3RD
Hicksville Hounds batting - Pitching for Redwood Rhinos : RHP Jorge Souza
Batting: LHB Michael Cherry 0-0: Ball
1-0: Ground out 4-3 (Groundball, 4, EV 90.0 MPH)
Batting: RHB Francisco Sabuero 0-0: Called Strike
0-1: Ball
1-1: Fly out, F4 (Popup, 4M, EV 63.8 MPH)
Batting: RHB Shi-yu Ting 0-0: Ball
1-0: Called Strike
1-1: Ball
2-1: Ball
3-1: Foul Ball, location: 2F
3-2: Foul Ball, location: 2F
3-2: Strikes out swinging
Top of the 3rd over - 0 runs, 0 hits, 0 errors, 0 left on base; Hicksville 0 - Redwood 1
BOTTOM OF THE 3RD
Redwood Rhinos batting - Pitching for Hicksville Hounds : RHP Damarco Lyons
Batting: RHB John Yossarian 0-0: Foul Ball, location: 2F
0-1: Ball
1-1: Foul Ball, location: 2F
1-2: Ball
2-2: Ground out 1-3 (Groundball, 13, EV 86.9 MPH)
Batting: LHB Maxim Abeele 0-0: Ball
1-0: Ball
2-0: Called Strike
2-1: Ball
3-1: Foul Ball, location: 2F
3-2: Base on Balls
Batting: RHB Joe Hensball 0-0: Grounds into double play, 4-6-3 (Groundball, 4, EV 83.1 MPH)
Bottom of the 3rd over - 0 runs, 0 hits, 0 errors, 0 left on base; Hicksville 0 - Redwood 1
TOP OF THE 4TH
Hicksville Hounds batting - Pitching for Redwood Rhinos : RHP Jorge Souza
Batting: LHB Robbie Care 0-0: Ball
1-0: Swinging Strike
1-1: Called Strike
1-2: Strikes out looking
Batting: RHB Aloysius Szymanski 0-0: Ball
1-0: SINGLE (Line Drive, 34D, EV 105.6 MPH)
Batting: LHB Trent Armstrong 0-0: Ball
1-0: Foul Ball, location: 2F
1-1: Grounds into double play, 6-4-3 (Groundball, 6, EV 96.9 MPH)
Top of the 4th over - 0 runs, 1 hit, 0 errors, 0 left on base; Hicksville 0 - Redwood 1
BOTTOM OF THE 4TH
Redwood Rhinos batting - Pitching for Hicksville Hounds : RHP Damarco Lyons
Batting: SHB Nathan Brannon 0-0: Ball
1-0: Fly out, F9 (Line Drive, 9, EV 89.4 MPH)
Batting: LHB Jeffery Smith 0-0: SINGLE (Flyball, 78S, EV 86.2 MPH)
Batting: RHB Juan Lugo 0-0: Ball
1-0: Ball
2-0: Swinging Strike
2-1: Called Strike
2-2: Ball
3-2: Fly out, F7 (Flyball, 78M, EV 92.5 MPH)
Batting: LHB Boboy Enabore 0-0: Ball
1-0: Ball
2-0: Called Strike
2-1: Fly out, F7 (Flyball, 7, EV 93.1 MPH)
Bottom of the 4th over - 0 runs, 1 hit, 0 errors, 1 left on base; Hicksville 0 - Redwood 1
TOP OF THE 5TH
Hicksville Hounds batting - Pitching for Redwood Rhinos : RHP Jorge Souza
Batting: SHB Juan Alonso 0-0: Ball
1-0: Swinging Strike
1-1: Swinging Strike
1-2: Strikes out swinging
Batting: RHB Hiroshige Yamada 0-0: Ball
1-0: Ball
2-0: Fly out, F8 (Flyball, 8RD, EV 73.1 MPH)
Batting: RHB Rafael Briones 0-0: Ball
1-0: Called Strike
1-1: Foul Ball, location: 2F
1-2: Strikes out swinging
Top of the 5th over - 0 runs, 0 hits, 0 errors, 0 left on base; Hicksville 0 - Redwood 1
BOTTOM OF THE 5TH
Redwood Rhinos batting - Pitching for Hicksville Hounds : RHP Damarco Lyons
Batting: RHB Lautaro Lacasa 0-0: Ball
1-0: Ground out 1-3 (Groundball, P, EV 73.8 MPH)
Batting: LHB Jae-seop Byeon 0-0: Ground out 6-3 (Groundball, 6, EV 100.6 MPH)
Batting: RHB John Yossarian 0-0: Ball
1-0: Foul Ball, location: 2F
1-1: Foul Ball, location: 2F
1-2: Ball
2-2: Foul Ball, location: 2F
2-2: Strikes out swinging
Bottom of the 5th over - 0 runs, 0 hits, 0 errors, 0 left on base; Hicksville 0 - Redwood 1
TOP OF THE 6TH
Hicksville Hounds batting - Pitching for Redwood Rhinos : RHP Jorge Souza
Batting: LHB Michael Cherry 0-0: Foul Ball, location: 2F
0-1: Ball
1-1: Foul Ball, location: 2F
1-2: Ball
2-2: Ball
3-2: Base on Balls
Batting: RHB Francisco Sabuero 0-0: Called Strike
0-1: Ball
1-1: Ball
2-1: Ball
3-1: Grounds into double play, 4-6-3 (Groundball, 4, EV 93.1 MPH)
Batting: RHB Shi-yu Ting 0-0: Foul Ball, location: 2F
0-1: Swinging Strike
0-2: Ball
1-2: Strikes out looking
Top of the 6th over - 0 runs, 0 hits, 0 errors, 0 left on base; Hicksville 0 - Redwood 1
BOTTOM OF THE 6TH
Redwood Rhinos batting - Pitching for Hicksville Hounds : RHP Damarco Lyons
Batting: LHB Maxim Abeele 0-0: Called Strike
0-1: Foul Ball, location: 2F
0-2: Fly out, F9 (Flyball, 9, EV 91.9 MPH)
Batting: RHB Joe Hensball 0-0: Called Strike
0-1: SINGLE (Groundball, 6MD, EV 95.0 MPH)
Batting: SHB Nathan Brannon 0-0: Ball
1-0: Called Strike
1-1: Called Strike
1-2: Strikes out looking
Batting: LHB Jeffery Smith 0-0: Ball
1-0: Foul Ball, location: 2F
1-1: Ball
Wild Pitch!
Joe Hensball to second
2-1: Ground out 6-3 (Groundball, 6, EV 90.6 MPH)
Bottom of the 6th over - 0 runs, 1 hit, 0 errors, 1 left on base; Hicksville 0 - Redwood 1
TOP OF THE 7TH
Hicksville Hounds batting - Pitching for Redwood Rhinos : RHP Jorge Souza
Batting: LHB Robbie Care 0-0: Called Strike
0-1: Called Strike
0-2: Foul Ball, location: 2F
0-2: Strikes out swinging
Batting: RHB Aloysius Szymanski 0-0: Ball
1-0: Foul Ball, location: 2F
1-1: SINGLE (Groundball, 6MD, EV 100.0 MPH)
Batting: LHB Trent Armstrong 0-0: Ball
1-0: Called Strike
1-1: Foul Ball, location: 2F
1-2: Ball
2-2: Fly out, F8 (Flyball, 8LS, EV 85.0 MPH)
Batting: SHB Juan Alonso 0-0: Ball
1-0: Swinging Strike
1-1: Foul Ball, location: 2F
1-2: Ball
2-2: Foul Ball, location: 2F
2-2: Fielders Choice at 2nd, 6-4 (Groundball, 56, EV 101.2 MPH)
Top of the 7th over - 0 runs, 1 hit, 0 errors, 1 left on base; Hicksville 0 - Redwood 1
BOTTOM OF THE 7TH
Redwood Rhinos batting - Pitching for Hicksville Hounds : RHP Damarco Lyons
Pitching: RHP Leonardo Trujillo
Batting: RHB Juan Lugo 0-0: Ball
1-0: Ball
2-0: Called Strike
2-1: Ball
3-1: Base on Balls
Batting: LHB Boboy Enabore 0-0: Called Strike
0-1: Ball
1-1: Foul Ball, location: 2F
1-2: Strikes out swinging
Batting: RHB Lautaro Lacasa 0-0: Called Strike
0-1: Called Strike
Juan Lugo is caught stealing 2nd base 2-4
0-2: Ball
1-2: Strikes out swinging
Bottom of the 7th over - 0 runs, 0 hits, 0 errors, 0 left on base; Hicksville 0 - Redwood 1
TOP OF THE 8TH
Hicksville Hounds batting - Pitching for Redwood Rhinos : RHP Jorge Souza
Now at SS: Thomas Banham
Batting: RHB Hiroshige Yamada 0-0: Ground out 6-3 (Groundball, 6, EV 91.9 MPH)
Batting: RHB Rafael Briones 0-0: Foul Ball, location: 2F
0-1: Called Strike
0-2: Fly out, F9 (Flyball, 9LSF, EV 80.0 MPH)
Batting: LHB Michael Cherry 0-0: Ball
1-0: Ball
2-0: Swinging Strike
2-1: Fly out, F9 (Flyball, 89D, EV 98.8 MPH)
Top of the 8th over - 0 runs, 0 hits, 0 errors, 0 left on base; Hicksville 0 - Redwood 1
BOTTOM OF THE 8TH
Redwood Rhinos batting - Pitching for Hicksville Hounds : RHP Leonardo Trujillo
Batting: LHB Jae-seop Byeon 0-0: Ball
1-0: Called Strike
1-1: Called Strike
1-2: Strikes out swinging
Batting: RHB John Yossarian 0-0: Called Strike
0-1: Ball
1-1: Swinging Strike
1-2: Foul Ball, location: 2F
1-2: Ball
2-2: Strikes out looking
Batting: LHB Maxim Abeele 0-0: Called Strike
0-1: Foul Ball, location: 2F
0-2: DOUBLE (Line Drive, 7LM, EV 112.5 MPH)
Batting: RHB Joe Hensball 0-0: Intentional Walk
Batting: SHB Nathan Brannon 0-0: Called Strike
0-1: Ball
1-1: Ball
2-1: Ground out 4-3 (Groundball, 4, EV 101.9 MPH)
Bottom of the 8th over - 0 runs, 1 hit, 0 errors, 2 left on base; Hicksville 0 - Redwood 1
TOP OF THE 9TH
Hicksville Hounds batting - Pitching for Redwood Rhinos : RHP Jorge Souza
Pitching: RHP Javier Merlo
Now at 1B: José Flores
Pinch Hitting: RHB Adam Black 0-0: Called Strike
0-1: Ground out 4-3 (Groundball, 4S, EV 67.5 MPH)
Pinch Hitting: RHB Luther H. Greene 0-0: Called Strike
0-1: Ball
1-1: Called Strike
1-2: Foul Ball, location: 2F
1-2: Foul Ball, location: 2F
1-2: Strikes out looking
Batting: LHB Robbie Care 0-0: Called Strike
0-1: Ball
1-1: Ground out 4-3 (Groundball, 34, EV 80.0 MPH)
Top of the 9th over - 0 runs, 0 hits, 0 errors, 0 left on base; Hicksville 0 - Redwood 1
Friday, April 17th, 2020 - OOTP Baseball 20.8 Build 74